 Dungeon Crawl Stone Soup version 0.28-a0-1524-ge72afd5fc6 (webtiles) character file.

Game seed: 11226588615251608525

551 fragbeetle the Insei (level 7, 0/56 HPs)
             Began as a White Draconian Transmuter on Jan 18, 2022.
             Killed by divine providence
             ... invoked by an orc priest
              (10 damage)
             ... on level 3 of the Dungeon.
             The game lasted 00:06:14 (4564 turns).

fragbeetle the Insei (White Draconian Transmuter)   Turns: 4564, Time: 00:06:15

Health: 0/56       AC:  2    Str: 13    XL:     7   Next: 7%
Magic:  7/10       EV: 20    Int: 13    God:
Gold:   119        SH:  0    Dex: 18    Spells: 2/10 levels left

rFire   . . .      SeeInvis .     - Unarmed
rCold   . . .      Faith    .   (shield currently unavailable)
rNeg    . . .      Spirit   .   (armour unavailable)
rPois   x          Reflect  .   (helmet currently unavailable)
rElec   .          Harm     .   (cloak currently unavailable)
rCorr   .          Rampage  .   (gloves currently unavailable)
Will    .....                   (boots currently unavailable)
Stlth   ++........              (no amulet)
HPRegen 0.18/turn               (no ring)
MPRegen 0.12/turn               (no ring)

@: spider-form
A: venomous fangs, (breathe frost), AC +6, tiny, unfitting armour, (cold
resistance 1), (cold-blooded)
a: End Transformation


You were on level 3 of the Dungeon.
You were a venomous arachnid creature.
You visited 1 branch of the dungeon, and saw 4 of its levels.

You collected 119 gold pieces.

Inventory:

Missiles
 b - 5 poisoned darts
Armour
 k - a +0 kite shield
Jewellery
 l - a ring of protection from cold
Wands
 h - a wand of charming (8)
Scrolls
 a - a scroll of teleportation {unknown}
 d - a scroll of amnesia {unknown}
 f - 2 scrolls of fog {unknown}
 g - a scroll of acquirement {unknown}
 i - a scroll of blinking {unknown}
 n - a scroll of summoning {unknown}
Potions
 c - a potion of flight {unknown}
 e - a potion of lignification {unknown}
 j - a potion of cancellation {unknown}
 m - a potion of attraction {unknown}


   Skills:
 + Level 2.9 Fighting
 + Level 2.9 Dodging
 * Level 4.9 Unarmed Combat
 - Level 2.0 Spellcasting
 * Level 4.2 Transmutations
 + Level 1.7 Ice Magic
 * Level 2.8 Poison Magic


You had 2 spell levels left.
You knew the following spells:

 Your Spells              Type           Power      Damage    Failure   Level
a - Beastly Appendage     Tmut           24%        N/A       13%         1
b - Spider Form           Tmut/Pois      10%        N/A       36%         3
c - Ice Form              Ice/Tmut       9%         N/A       78%         4

Your spell library contained the following spells:

 Spells                   Type           Power      Damage    Failure   Level
 Wereblood                Tmut           12%        N/A       19%         2
 Ignite Poison            Fire/Tmut/Pois 7%         N/A       50%         3
 Mephitic Cloud           Conj/Pois/Air  3%         N/A       67%         3
 Freezing Cloud           Conj/Ice/Air   1%         6-21      100%        5


Dungeon Overview and Level Annotations

Branches:
Dungeon (4/15)
 Temple: D:4-7

Altars:

Shops:
D:4 *

Annotations:
D:4 Sigmund


Innate Abilities, Weirdness & Mutations

You are a venomous arachnid creature.
You have poisonous fangs.
You are tiny and dextrous.
Your spellcasting is less reliable in this form.
Your armour is entirely melded.
You are incapable of wielding weapons or throwing items.
((You can breathe waves of freezing cold which knock back foes.))
((Your icy white scales are hard. (AC +6)))
You cannot fit into any form of body armour.
((Your flesh is cold resistant. (rC+)))
((You are cold-blooded and may be slowed by cold attacks.))


Message History

The orc priest mumbles some strange prayers to Beogh against you.
Pain shoots through your body!
You climb upwards.
There is a stone staircase leading down here.
Your transformation is almost over.
The orc priest miscasts a cantrip.
You hit the jelly but do no damage.
The jelly is poisoned.
Your front legs burn!
* * * LOW HITPOINT WARNING * * *
The jelly is moderately wounded.
The jelly completely misses you.
Okay, then.
Aiming: Charm
Press: ? - help, Shift-Dir - straight line, f - orc priest
Aim: an orc priest, wielding a +0 club (chance to affect: 49%)
The orc priest is charmed.
The jelly hits you.
* * * LOW HITPOINT WARNING * * *
You are splashed with acid!
* * * LOW HITPOINT WARNING * * *
You are no longer corroded.
Your orc priest hits the jelly with a +0 club.
Your orc priest is burned by acid!
The jelly completely misses you.
Your transformation has ended.
The jelly looks more healthy.
Your orc priest hits the jelly with a +0 club.
Your orc priest is burned by acid!
Things that are here:
3 stones; a +0 short sword The jelly barely misses your orc priest.
Your orc priest hits the jelly with a +0 club.
The jelly dies!
You start resting.
The orc priest is no longer charmed.
The orc priest barely misses you.
Casting: Spider Form (dangerous; 17% risk of failure)
Confirm with . or Enter, or press ? or * to list all spells.
You turn into a venomous arachnid creature.
The orc priest invokes the aid of Beogh against you.
Beogh smites you!
You die...

#.....#
#...............#####
#.....#
###############......
#.....# #######
#.....# #.....#
###### #.)...# #....#
#.....#
#....############
#######
#....o.(........#####
#>..s###.............
###### ########......
#######


You could see an orc priest.

Vanquished Creatures
  Grinder (D:3)
  A hound (D:3)
  2 orc priests (D:3)
  Ijyb (D:3)
  Natasha (thrice) (D:3)
  An iguana (D:3)
  An orc wizard (D:3)
  2 adders (D:2)
  3 worms
  3 dart slugs
  9 orcs (D:3)
  3 endoplasms
  5 giant cockroaches
  A goblin (D:1)
  5 hobgoblins
  9 jackals
  A quokka (D:3)
  7 ball pythons
  3 bats
  2 frilled lizards
  6 kobolds
  4 rats
73 creatures vanquished.

Vanquished Creatures (collateral kills)
  A jelly (D:3)
1 creature vanquished.

Vanquished Creatures (others)
  2 fungi (D:4)
2 creatures vanquished.

Grand Total: 76 creatures vanquished

Notes
Turn   | Place    | Note
-------+----------+-------------------------------------------
     0 | D:1      | fragbeetle the Draconian Transmuter began the quest for the
                  | Orb.
     0 | D:1      | Reached XP level 1. HP: 16/16 MP: 3/3
   411 | D:1      | Found a faded altar of an unknown god.
   495 | D:1      | Reached XP level 2. HP: 22/23 MP: 3/5
  1281 | D:2      | Reached XP level 3. HP: 23/28 MP: 4/6
  1285 | D:2      | Learned a level 3 spell: Spider Form
  2026 | D:2      | Reached XP level 4. HP: 35/36 MP: 5/7
  2088 | D:3      | Noticed Grinder
  2089 | D:3      | Paralysed by Grinder for 4 turns
  2101 | D:3      | Killed Grinder
  2102 | D:3      | Reached XP level 5. HP: 20/42 MP: 4/8
  2141 | D:3      | Learned a level 4 spell: Ice Form
  2273 | D:3      | Noticed Ijyb
  2289 | D:3      | Reached XP level 6. HP: 28/50 MP: 6/9
  2294 | D:3      | Killed Ijyb
  2960 | D:3      | Reached skill level 1 in Ice Magic
  3175 | D:3      | Noticed Natasha
  3182 | D:3      | Killed Natasha
  3932 | D:3      | Noticed Natasha
  3940 | D:3      | Killed Natasha
  3947 | D:3      | Noticed Natasha
  3959 | D:3      | Killed Natasha
  3960 | D:3      | Your scales start taking on an icy white colour.
  3960 | D:3      | Reached XP level 7. HP: 37/56 MP: 10/10
  3960 | D:3      | Gained mutation: Your flesh is cold resistant. (rC+) [White
                  | Draconian growth]
  4480 | D:4      | Noticed Sigmund
  4481 | D:4      | Found Sobluom's Neck Hole.
  4564 | D:3      | Killed from afar by an orc priest

Illustrated notes

Levels and vault maps discovered:
D:1:      saegor_arrival_simple_a, layout_loops_corners,
          chequers_ecumenical_altar_island, chequers_garden
D:2:      layout_rooms, chequers_hall_statues_corner_a
D:3:      layout_rooms, nicolae_figureground_sparkle, uniq_grinder,
          uniq_natasha, uniq_ijyb
D:4:      layout_rooms, serial_aquarium, aquarium_bridge_long_joined
          [aquarium_subvault_bridge, aquarium_subvault_bridge,
          aquarium_subvault_wall, aquarium_subvault_wall,
          aquarium_subvault_balcony, aquarium_subvault_wall],
          aquarium_window_fake, aquarium_window_fake, aquarium_view_2c,
          aquarium_view_2d, aquarium_pool_side,
          nicolae_shop_sticking_my_neck_out, uniq_sigmund

Skill      XL: |  1  2  3  4  5  6 |
---------------+-------------------+-----
Dodging        | 2 |  2.9
Fighting       | 2 |  2.9
Unarmed Combat | 4 |  4.9
Transmutations | 3 4 |  4.2
Poison Magic   | 2 |  2.8
Ice Magic      | 1 |  1.7
Spellcasting   | |  2.0

Action                   |  1- 3 |  4- 6 |  7- 9 || total
-------------------------+-------+-------+-------++-------
Melee: Unarmed           |   113 |   103 |     3 ||   219
       Kick              |    21 |    12 |       ||    33
       Headbutt          |    13 |     8 |       ||    21
       Tailslap          |     9 |    10 |       ||    19
       Punch             |     1 |     3 |       ||     4
 Cast: Beastly Appendage |    28 |    13 |       ||    41
       Spider Form       |       |     5 |     3 ||     8
Evoke: Wand              |       |       |     1 ||     1
 Stab: Sleeping          |     1 |       |       ||     1
Armor: Skin              |    35 |    17 |       ||    52
Dodge: Dodged            |    81 |    48 |     4 ||   133

Table legend: (Time is in decaauts)
 A = Elapsed time spent in this place.
 B = Non-inter-level travel time spent in this place.
 C = Inter-level travel time spent in this place.
 D = Time resting spent in this place.
 E = Time spent auto-exploring this place.
 F = Levels seen in this place.
 G = Mean time per level.
                   A        B        C        D        E       F      G
               +--------+--------+--------+--------+--------+-----+--------+
         Total |   4552 |   4485 |     67 |    308 |   3498 |   4 | 1138.0 |
       Dungeon |   4552 |   4485 |     67 |    308 |   3498 |   4 | 1138.0 |
               +--------+--------+--------+--------+--------+-----+--------+

Top non-repeatable levels by time:
     D:3: 2507 daAuts
     D:1: 1164 daAuts
     D:2: 862 daAuts
     D:4: 18 daAuts
